 Dungeon Crawl Stone Soup version 0.19.0-18-g426998a (webtiles) character file.

135 dysrexia the Insei (level 5, 0/33 HPs)
             Began as an Octopode Transmuter on Nov 12, 2016.
             Slain by an orc
             ... wielding a +0 club
              (3 damage)
             ... on level 3 of the Dungeon.
             The game lasted 00:06:16 (2207 turns).

dysrexia the Insei (Octopode Transmuter)            Turns: 2207, Time: 00:06:16

Health: 0/33       AC:  1    Str:  9    XL:     5   Next: 18%
Magic:  7/8        EV: 13    Int: 15    God:
Gold:   130        SH:  0    Dex: 14    Spells: 3 memorised, 2 levels left

rFire  . . .     SeeInvis .       - Unarmed
rCold  . . .     Gourm    .     (no shield)
rNeg   . . .     Faith    .     (helmet restricted)
rPois  .         Spirit   .     (no amulet)
rElec  .         Reflect  .     (no ring)
rCorr  .         Harm     .     (no ring)
MR     .....                    (no ring)
Stlth  ++........               (no ring)
                                (no ring)
                                (no ring)
                                (no ring)
                                (no ring)

@: appendage (expiring)
A: almost no armour, stealthy swim, amphibious, 8 rings, constrict 8, tentacle
spike 3, camouflage 1, gelatinous body 1
a: End Transformation


You were on level 3 of the Dungeon.
You were not hungry.
One of your tentacles had a temporary spike.
You visited 1 branch of the dungeon, and saw 3 of its levels.

You collected 130 gold pieces.

Inventory:

Missiles
 a - 64 arrows
 l - 11 poisoned needles
Jewellery
 e - an uncursed ring of ice {unknown}
 i - an uncursed ring of see invisible {unknown}
Scrolls
 d - 4 scrolls of enchant armour
 f - a scroll of identify
 h - a scroll of recharging
Potions
 j - a potion of flight
Books
 b - a book of Changes

   Spells                             Type                      Level
   a - Beastly Appendage              Transmutation                1
   b - Sticks to Snakes               Transmutation                2
   c - Spider Form                    Transmutation/Poison         3
   d - Ice Form                       Ice/Transmutation            4
   e - Blade Hands                    Transmutation                5
Comestibles
 c - 2 bread rations
 g - 2 royal jellies
 k - 3 chunks of flesh
 m - 4 fruits


   Skills:
 - Level 1.0 Fighting
 - Level 2.0 Dodging
 + Level 4.2 Unarmed Combat
 - Level 2.0 Spellcasting
 * Level 4.0 Transmutations
 + Level 1.3 Poison Magic


You had 2 spell levels left.
You knew the following spells:

 Your Spells              Type           Power        Failure   Level  Hunger
a - Beastly Appendage     Tmut           ##....       4%          1    #......
b - Sticks to Snakes      Tmut           ##......     8%          2    ###....
c - Spider Form           Tmut/Pois      #.........   24%         3    ###....


Dungeon Overview and Level Annotations

Branches:
Dungeon (3/15)

Altars:


Innate Abilities, Weirdness & Mutations

You cannot wear most types of armour.
You are very stealthy in the water. (Stealth+)
You are amphibious.
You can wear up to eight rings at the same time.
You can use your tentacles to constrict eight enemies at once.
Your skin changes colour to match your surroundings (Stealth+).
Your rubbery body absorbs attacks. (AC +1, EV +1)
One of your tentacles bears a large vicious spike.


Message History

Your grab misses the orc.
You pierce the orc, but do no damage.
The orc hits you with a flail.
You tentacle-slap the orc. Your grab misses the orc. You squeeze the orc.
You kill the orc!
The orc hits you with a club.
Items here: $ ) [ ÷ a flail; a leather armour; 14 gold pieces; an adder skeleton You barely miss the orc.
Your grab misses the orc. The orc hits you with a club.
* * * LOW HITPOINT WARNING * * *
You closely miss the orc. Your grab misses the orc. You squeeze the orc.
The orc is heavily wounded.
Your transformation is almost over.
The orc hits you with a club.
* * * LOW HITPOINT WARNING * * *
You tentacle-slap the orc but do no damage.
You grab the orc.
The orc is heavily wounded.
You constrict the orc. The orc hits you with a club.
You die...

......).....# ♣♣♣
............#
#####♣♣♣.♣
............# ###
#...#♣..♣.
............###.#
#...')♣♣♣♣
##.#######......#
#)..#♣♣ ♣ #.
####...# ##### #
#....# ##o####
##@.# #
####...##..
#.##..........#
.###.......#####.#
.........###
#........#
#........#
.........#
..........


You could see an orc.

Vanquished Creatures
  Crazy Yiuf (D:3)
  3 adders
  2 worms
  2 dart slugs (D:1)
  3 leopard geckos
  2 orcs (D:3)
  3 giant cockroaches
  2 goblins (D:1)
  2 hobgoblins
  8 jackals
  A quokka (D:2)
  2 ball pythons (D:2)
  8 bats
  4 frilled lizards
  7 kobolds
  6 rats
56 creatures vanquished.

Vanquished Creatures (collateral kills)
  2 adders
2 creatures vanquished.

Grand Total: 58 creatures vanquished

Notes
Turn   | Place    | Note
-------+----------+-------------------------------------------
     0 | D:1      | dysrexia the Octopode Transmuter began the quest for the Orb.
     0 | D:1      | Reached XP level 1. HP: 13/13 MP: 3/3
   186 | D:1      | Reached XP level 2. HP: 18/18 MP: 5/5
   353 | D:1      | Learned a level 2 spell: Sticks to Snakes
   713 | D:1      | Reached XP level 3. HP: 23/23 MP: 6/6
  1448 | D:2      | Reached XP level 4. HP: 24/28 MP: 4/7
  1712 | D:3      | Learned a level 3 spell: Spider Form
  1723 | D:3      | Found a runed door.
  1734 | D:3      | Noticed Crazy Yiuf
  1748 | D:3      | Killed Crazy Yiuf
  2080 | D:3      | Reached skill level 1 in Poison Magic
  2105 | D:3      | Found a faded altar of an unknown god.
  2142 | D:3      | Reached XP level 5. HP: 25/33 MP: 4/8
  2207 | D:3      | Slain by an orc

Skill      XL: |  1  2  3  4  5 |
---------------+----------------+-----
Transmutations | 3 4 |  4.0
Unarmed Combat | 4 |  4.2
Poison Magic   | 1 |  1.3
Fighting       | |  1.0
Dodging        | |  2.0
Spellcasting   | |  2.0

Action                   |  1- 3 |  4- 6 || total
-------------------------+-------+-------++-------
Melee: Unarmed           |    84 |    60 ||   144
       Constrict         |    22 |    15 ||    37
       Tentacles         |    11 |     8 ||    19
       Kick              |    12 |    13 ||    25
       Punch             |     1 |     1 ||     2
 Cast: Beastly Appendage |     8 |     7 ||    15
       Sticks to Snakes  |     1 |     3 ||     4
  Use: Scroll            |     5 |     2 ||     7
 Stab: Sleeping          |     3 |     2 ||     5
  Eat: Chunk             |     2 |     3 ||     5
Armor: Skin              |     5 |     5 ||    10
Dodge: Dodged            |    56 |    32 ||    88
